 Dungeon Crawl Stone Soup version 0.21.1-1-g345015fe64 (console) character file.

462 Kloppie the Skirmisher (level 7, -5/62 HPs)
             Began as a Ghoul Gladiator on July 7, 2018.
             Slain by an orc warrior
             ... wielding a +4 glaive
              (7 damage)
             ... on level 4 of the Dungeon.
             The game lasted 00:06:09 (3020 turns).

Kloppie the Skirmisher (Ghoul Gladiator)            Turns: 3020, Time: 00:06:09

Health: -5/62      AC:  9    Str: 20    XL:     7   Next: 7%
Magic:  6/6        EV: 11    Int:  3    God:
Gold:   211        SH:  0    Dex: 10    Spells: 6/6 levels left

rFire    . . .     SeeInvis .   a - +0 flail
rCold    + . .     Gourm    .   (no shield)
rNeg     + + +     Faith    .   j - +0 ring mail
rPois    ∞         Spirit   .   c - +0 helmet
rElec    .         Reflect  .   (no cloak)
rCorr    .         Harm     .   p - +1 pair of gloves
MR       .....                  n - +0 pair of boots
Stlth    ..........             (no amulet)
HPRegen  0.00/turn              (no ring)
MPRegen  0.10/turn              (no ring)

@: rotting
A: rotting body, claws 1, carnivore, cold resistance 1, negative energy
resistance 3, inhibited regeneration, torment resistance, unbreathing
a: no special abilities


You were on level 4 of the Dungeon.
You were not hungry.

You visited 1 branch of the dungeon, and saw 4 of its levels.

You collected 211 gold pieces.

Inventory:

Hand Weapons
 a - a +0 flail (weapon)
Armour
 c - a +0 helmet (worn)
 j - a +0 ring mail (worn)
 n - a +0 pair of boots (worn)
 p - a +1 pair of gloves (worn)
Wands
 w - a wand of iceblast (9)
 y - a wand of random effects (10)
Scrolls
 b - 2 scrolls of teleportation {unknown}
 h - a scroll of noise {unknown}
 k - a scroll of enchant armour {unknown}
 l - a scroll of magic mapping {unknown}
 m - 3 scrolls of fear
 o - a scroll of random uselessness {unknown}
 r - a scroll of immolation {unknown}
Potions
 g - 2 potions of berserk rage
 i - a potion of lignification {unknown}
 s - 2 potions of might {unknown}
 t - 2 potions of cancellation {unknown}
 v - 3 potions of ambrosia
Books
 u - a book of Minor Magic

   Spells                             Type                      Level
   a - Magic Dart                     Conjuration                  1
   b - Blink                          Translocation                2
   c - Call Imp                       Summoning                    2
   d - Slow                           Hexes                        2
   e - Conjure Flame                  Conjuration/Fire             3
   f - Mephitic Cloud                 Conjuration/Poison/Air       3
 x - a book of Misfortune

   Spells                             Type                      Level
   a - Confusing Touch                Hexes                        1
   b - Confuse                        Hexes                        3
   c - Gell's Gravitas                Translocation                3
   d - Petrify                        Transmutation/Earth          4
   e - Metabolic Englaciation         Hexes/Ice                    5
   f - Yara's Violent Unravelling     Hexes/Transmutation          5
Comestibles
 f - 8 rations


   Skills:
 + Level 5.9 Fighting
 + Level 5.3 Maces & Flails
 - Level 1.7 Throwing
 - Level 2.6 Dodging


You had 6 spell levels left.
You didn't know any spells.

Dungeon Overview and Level Annotations

Branches:
Dungeon (4/15)
 Temple: D:4-7

Altars:
Ashenzari
Dithmenos
Okawaru
Uskayaw


Innate Abilities, Weirdness & Mutations

Your body is rotting away.
You thrive on raw meat.
You are immune to poison.
You have sharp fingernails.
You are carnivorous and can eat meat at any time.
Your flesh is cold resistant. (rC+)
You are immune to negative energy. (rN+++)
You do not regenerate when monsters are visible.
You are immune to unholy pain and torment.
You can survive without breathing.


Message History

Aim: an orc warrior, wielding an enchanted glaive and wearing a plate armour (lightly wounded, fast)
Okay, then.
Evoke which item? (* to show all) (? for menu, Esc to quit)
Aiming: Random Effects
Press: ? - help, Shift-Dir - straight line, f/p - orc warrior
Aim: an orc warrior, wielding an enchanted glaive and wearing a plate armour (lightly wounded, fast)
The mass of ice explodes!
The iceblast engulfs the orc warrior.
The orc warrior is severely wounded.
The iceblast engulfs you! You partially resist.
* * * LOW HITPOINT WARNING * * *
The orc warrior hits you with an enchanted glaive!
* * * LOW HITPOINT WARNING * * *
The orc warrior closely misses you.
The orc warrior hits you from afar with an enchanted glaive!
* * * LOW HITPOINT WARNING * * *
The orc warrior hits you from afar with an enchanted glaive.
* * * LOW HITPOINT WARNING * * *
Okay, then.
The orc warrior hits you from afar with an enchanted glaive!
You die...

########## ###
.....(...### ....
........<..###....
.................
.................
.............#..
........@....# .
..........)..#
..........o..#
..>..........## #..
..............# .....
............#.#####..#...
....##.....##..#.........
...# #...#####.#.......#
... #.#.# #.#.......#. .#
#.#.. #.#.....$... #
#..?........


You could see an orc warrior.

Vanquished Creatures
  Sigmund (D:3)
  An orc priest (D:4)
  3 orc wizards
  Jessica (D:3)
  Ijyb (D:3)
  6 adders
  A howler monkey skeleton (D:4)
  An ooze (D:1)
  A worm (D:3)
  A leopard gecko (D:3)
  7 orcs
  10 bats
  4 giant cockroaches
  6 goblins
  6 hobgoblins
  2 jackals (D:3)
  A ball python (D:3)
  4 frilled lizards
  A kobold (D:3)
  9 rats
67 creatures vanquished.

Notes
Turn   | Place    | Note
-------+----------+-------------------------------------------
     0 | D:1      | Kloppie the Ghoul Gladiator began the quest for the Orb.
     0 | D:1      | Reached XP level 1. HP: 17/17 MP: 0/0
   122 | D:1      | Reached XP level 2. HP: 25/25 MP: 1/1
   677 | D:1      | Reached XP level 3. HP: 26/29 MP: 2/2
  1106 | D:2      | Found a shadowy altar of Dithmenos.
  1629 | D:2      | Reached XP level 4. HP: 35/40 MP: 3/3
  1820 | D:2      | Found a shattered altar of Ashenzari.
  1821 | D:2      | Found an iron altar of Okawaru.
  1871 | D:3      | Found an iron altar of Okawaru.
  1960 | D:3      | Noticed Sigmund
  1975 | D:3      | Killed Sigmund
  1975 | D:3      | Reached skill level 5 in Fighting
  1975 | D:3      | Reached XP level 5. HP: 25/48 MP: 4/4
  1975 | D:3      | Reached XP level 6. HP: 30/56 MP: 5/5
  2125 | D:3      | Found a hide-covered altar of Uskayaw.
  2320 | D:3      | Noticed Ijyb
  2342 | D:3      | Killed Ijyb
  2530 | D:3      | Noticed Jessica
  2535 | D:3      | Killed Jessica
  2626 | D:4      | Noticed an orc warrior
  2829 | D:3      | Reached skill level 5 in Maces & Flails
  2964 | D:4      | Reached XP level 7. HP: 41/61 MP: 6/6
  3018 | D:4      | HP: 2/62 [orc warrior/enchanted glaive (2)]
  3020 | D:4      | Slain by an orc warrior

Skill      XL: |  1  2  3  4  5  6 |
---------------+-------------------+-----
Maces & Flails | 3 4 5 |  5.3
Fighting       | 3 5 |  5.9
Throwing       | |  1.7
Dodging        | |  2.6

Action                   |  1- 3 |  4- 6 |  7- 9 || total
-------------------------+-------+-------+-------++-------
Melee: Flail             |    94 |   146 |     8 ||   248
Throw: Throwing net      |       |     1 |     2 ||     3
Evoke: Wand              |       |       |     4 ||     4
  Use: Scroll            |       |     4 |       ||     4
       Potion            |       |     2 |       ||     2
  Eat: Chunk             |     9 |    10 |     2 ||    21
Armor: Leather armour    |     5 |       |       ||     5
       Ring mail         |    35 |    75 |     2 ||   112
Dodge: Dodged            |    71 |    91 |     6 ||   168
